 Dungeon Crawl Stone Soup version 0.22-a0-422-g9628fc8 (webtiles) character file.

158 galech the Skirmisher (level 5, -1/47 HPs)
             Began as a Gnoll Wanderer on May 16, 2018.
             Slain by a slave (5 damage)
             ... led by Pikel
             ... on level 3 of the Dungeon.
             The game lasted 00:05:40 (3149 turns).

galech the Skirmisher (Gnoll Wanderer)              Turns: 3149, Time: 00:05:41

Health: -1/47      AC:  2    Str: 17    XL:     5   Next: 40%
Magic:  0/9        EV: 14    Int: 15    God:
Gold:   224        SH:  0    Dex: 12    Spells: 9/10 levels left

rFire    . . .     SeeInvis .   n - +0 whip
rCold    . . .     Gourm    .   (no shield)
rNeg     . . .     Faith    .   e - +0 robe
rPois    .         Spirit   .   (no helmet)
rElec    .         Reflect  .   (no cloak)
rCorr    .         Harm     .   (no gloves)
MR       .....                  (no boots)
Stlth    ++........             (no amulet)
HPRegen  0.15/turn              g - +2 ring of evasion
MPRegen  0.11/turn              (no ring)

@: very slightly contaminated
A: distributed training, fangs 1, strong nose
a: no special abilities


You were on level 3 of the Dungeon.
You were not hungry.

You visited 1 branch of the dungeon, and saw 4 of its levels.

You collected 224 gold pieces.

Inventory:

Hand Weapons
 b - a +0 shortbow
 n - a +0 whip (weapon)
Missiles
 c - 41 arrows
 s - 4 tomahawks of returning (quivered)
Armour
 e - a +0 robe (worn)
Jewellery
 g - a +2 ring of evasion (left hand)
Wands
 p - a wand of iceblast (4)
Scrolls
 a - 2 scrolls of identify
 i - 2 scrolls of amnesia {unknown}
 j - 2 scrolls of enchant armour
 l - a scroll of magic mapping
 o - a scroll of enchant weapon {unknown}
 r - a scroll of remove curse
 t - a scroll of teleportation {unknown}
Potions
 d - 2 potions of flight {unknown}
 h - 3 potions of might
 k - a potion of resistance {unknown}
 m - a potion of curing {unknown}
 q - 2 potions of invisibility {unknown}
 u - a potion of magic {unknown}
Comestibles
 f - 5 rations


   Skills:
 + Level 6.7 Fighting
 + Level 1.4 Short Blades
 + Level 1.4 Long Blades
 + Level 1.4 Axes
 + Level 1.4 Maces & Flails
 + Level 1.4 Polearms
 + Level 1.4 Staves
 + Level 1.4 Slings
 + Level 2.9 Bows
 + Level 1.4 Crossbows
 + Level 1.4 Throwing
 + Level 2.9 Armour
 + Level 1.4 Dodging
 + Level 1.4 Stealth
 + Level 4.7 Shields
 + Level 1.4 Unarmed Combat
 + Level 3.1 Spellcasting
 + Level 1.1 Conjurations
 + Level 1.1 Hexes
 + Level 1.1 Charms
 + Level 1.1 Summonings
 + Level 1.1 Necromancy
 + Level 1.1 Translocations
 + Level 1.1 Transmutations
 + Level 1.1 Fire Magic
 + Level 1.1 Ice Magic
 + Level 2.3 Air Magic
 + Level 1.1 Earth Magic
 + Level 2.3 Poison Magic
 + Level 1.6 Invocations
 + Level 1.4 Evocations


You had 9 spell levels left.
You knew the following spells:

 Your Spells              Type           Power        Failure   Level  Hunger
a - Shock                 Conj/Air       #...         10%         1    #......

Your spell library contained the following spells:

 Spells                   Type           Power        Failure   Level  Hunger
 Lightning Bolt           Conj/Air       #.........   95%         5    ######.
 Sting                    Conj/Pois      #...         10%         1    #......
 Swiftness                Chrm/Air       #.......     14%         2    ##.....
 Spider Form              Tmut/Pois      #.........   28%         3    ###....
 Airstrike                Air            #.........   58%         4    #####..
 Static Discharge         Conj/Air       #.......     28%         3    ###....


Dungeon Overview and Level Annotations

Branches:
Dungeon (4/15)
 Temple: D:4-7

Altars:
Cheibriados
Trog
Zin
The Shining One


Innate Abilities, Weirdness & Mutations

Your experience applies equally to all skills.
You have very sharp teeth.
Your uncanny sense of smell can sniff out nearby items.


Message History

Press: ? - help, Shift-Dir - straight line, f/p - slave
Aim: a slave, wearing an animal skin (heavily wounded)
You miscast Shock.
You are very lightly contaminated with residual magic.
Your hair stands on end.
The slave closely misses you.
Casting: Shock (safe; 10% risk of failure)
Confirm with . or Enter, or press ? or * to list all spells.
Aiming: Shock (safe; 10% risk of failure)
Press: ? - help, Shift-Dir - straight line, f/p - slave
Aim: a slave, wearing an animal skin (heavily wounded)
The zap hits the slave.
The slave is severely wounded.
The slave completely misses you.
Casting: Shock (safe; 10% risk of failure)
Confirm with . or Enter, or press ? or * to list all spells.
Aiming: Shock (safe; 10% risk of failure)
Press: ? - help, Shift-Dir - straight line, f/p - slave
Aim: a slave, wearing an animal skin (severely wounded)
The zap misses the slave.
The slave hits you.
You die...

#...#.#.# ####.#.##
#.###.#.###########.#.##
###.##....................
#.......#.###########.#...
#.#.#.>...................
#.#.#.#.#.###########.#...
#.#.#.#.#.#...........#...
#.#.#.#.#.#.#########.....
#.#...#.#@#.# #.....
###.#####.#p#.# #.....
#.........#.#.#### #.....
#######..........####
#.....
#..................#
#.....
#.####..........##.#
#..... #.# #..........##.#
###... #.#
#..........##.######## #.#
#..........##.........


You could see a slave.

Vanquished Creatures
  A worker ant (D:4)
  4 adders
  A worm (D:2)
  5 dart slugs
  3 leopard geckos
  14 bats
  4 giant cockroaches
  10 goblins
  12 hobgoblins
  2 jackals (D:2)
  A quokka (D:3)
  2 ball pythons
  3 frilled lizards
  12 kobolds
  3 rats
77 creatures vanquished.

Notes
Turn   | Place    | Note
-------+----------+-------------------------------------------
     0 | D:1      | galech the Gnoll Wanderer began the quest for the Orb.
     0 | D:1      | galech set off with: a +0 shortbow, 24 arrows, a +0 robe, a ration
     0 | D:1      | Reached XP level 1. HP: 23/23 MP: 4/4
    76 | D:1      | Learned a level 1 spell: Shock
   119 | D:1      | Reached XP level 2. HP: 29/29 MP: 5/5
   257 | D:1      | Reached XP level 3. HP: 35/35 MP: 7/7
   639 | D:1      | Reached skill level 1 in Invocations
   829 | D:2      | Reached skill level 1 in Short Blades
   829 | D:2      | Reached skill level 1 in Long Blades
   829 | D:2      | Reached skill level 1 in Axes
   829 | D:2      | Reached skill level 1 in Maces & Flails
   829 | D:2      | Reached skill level 1 in Polearms
   829 | D:2      | Reached skill level 1 in Staves
   829 | D:2      | Reached skill level 1 in Slings
   829 | D:2      | Reached skill level 1 in Crossbows
   829 | D:2      | Reached skill level 1 in Throwing
   829 | D:2      | Reached skill level 1 in Dodging
   829 | D:2      | Reached skill level 1 in Stealth
   829 | D:2      | Reached skill level 1 in Unarmed Combat
   829 | D:2      | Reached skill level 1 in Evocations
   976 | D:2      | Reached XP level 4. HP: 41/41 MP: 8/8
  1010 | D:2      | Found a glowing silver altar of Zin.
  1414 | D:2      | Reached skill level 1 in Conjurations
  1414 | D:2      | Reached skill level 1 in Hexes
  1414 | D:2      | Reached skill level 1 in Charms
  1414 | D:2      | Reached skill level 1 in Summonings
  1414 | D:2      | Reached skill level 1 in Necromancy
  1414 | D:2      | Reached skill level 1 in Translocations
  1414 | D:2      | Reached skill level 1 in Transmutations
  1414 | D:2      | Reached skill level 1 in Fire Magic
  1414 | D:2      | Reached skill level 1 in Ice Magic
  1414 | D:2      | Reached skill level 1 in Earth Magic
  1808 | D:3      | Found a bloodstained altar of Trog.
  2066 | D:3      | Reached XP level 5. HP: 47/47 MP: 9/9
  2172 | D:3      | Found a glowing golden altar of the Shining One.
  3061 | D:4      | Found a snail-covered altar of Cheibriados.
  3061 | D:4      | Noticed a slave
  3063 | D:4      | Noticed a slave
  3063 | D:4      | Noticed a slave
  3149 | D:3      | Slain by a slave

Vault maps used:
D:1:      minmay_arrival_diagonal_passages, serial_forest,
          infiniplex_forest_pool, infiniplex_forest_fountain,
          infiniplex_forest_lined_corner, infiniplex_forest_lined_corner,
          infiniplex_forest_straight_3, infiniplex_forest_straight_3,
          infiniplex_forest_lined_room_
D:2:      nicolae_overflow_crystal_walls, first_ration
D:3:      lemuel_crystal_altar, tso_metal_star
D:4:      kennysheep_mini, skrybe_limestone_x, minmay_misc_feat_tiny,
          grunt_decor_cap, uniq_pikel

Skill      XL: |  1  2  3  4 |
---------------+-------------+-----
Air Magic      | 2 |  2.3
Poison Magic   | 2 |  2.3
Invocations    | 1 |  1.6
Short Blades   | 1 |  1.4
Long Blades    | 1 |  1.4
Axes           | 1 |  1.4
Maces & Flails | 1 |  1.4
Polearms       | 1 |  1.4
Staves         | 1 |  1.4
Slings         | 1 |  1.4
Crossbows      | 1 |  1.4
Throwing       | 1 |  1.4
Dodging        | 1 |  1.4
Stealth        | 1 |  1.4
Unarmed Combat | 1 |  1.4
Evocations     | 1 |  1.4
Spellcasting   | 3 |  3.1
Conjurations   | 1 |  1.1
Hexes          | 1 |  1.1
Charms         | 1 |  1.1
Summonings     | 1 |  1.1
Necromancy     | 1 |  1.1
Translocations | 1 |  1.1
Transmutations | 1 |  1.1
Fire Magic     | 1 |  1.1
Ice Magic      | 1 |  1.1
Earth Magic    | 1 |  1.1
Fighting       | |  6.7
Bows           | |  2.9
Armour         | |  2.9
Shields        | |  4.7

Action                   |  1- 3 |  4- 6 || total
-------------------------+-------+-------++-------
Melee: Whip              |       |    24 ||    24
       Bite              |       |     2 ||     2
 Fire: Shortbow          |    87 |   127 ||   214
 Cast: Shock             |       |     8 ||     8
  Use: Scroll            |     4 |       ||     4
       Potion            |       |     1 ||     1
  Eat: Chunk             |       |     5 ||     5
       Ration            |       |     1 ||     1
Armor: Robe              |     6 |    26 ||    32
Dodge: Dodged            |     9 |    75 ||    84

Table legend:
 A = Spawn XP
 B = Non-spawn XP
 C = Spawn XP percentage of total XP
 D = Spawn monster count
 E = Non-spawn monster count
 F = Spawn count percentage of total count
 G = Total turns spent on level
                    A         B        C        D         E        F      G
               +---------+---------+-------+---------+---------+-------+---------
         Total |       0 |     227 |   0.0 |       0 |      77 |   0.0 |  3149
               +---------+---------+-------+---------+---------+-------+---------
           D:1 |       0 |      58 |   0.0 |       0 |      28 |   0.0 |   713
           D:2 |       0 |      91 |   0.0 |       0 |      30 |   0.0 |  1030
           D:3 |       0 |      45 |   0.0 |       0 |      18 |   0.0 |  1032
           D:4 |       0 |      33 |   0.0 |       0 |       1 |   0.0 |   374
               +---------+---------+-------+---------+---------+-------+---------
